 Dungeon Crawl Stone Soup version 0.17.0-9-g801d43b (webtiles) character file.

19518 truemonolith the Fighter (level 13, 0/99 HPs)
             Began as a Halfling Berserker on Nov 3, 2015.
             Was a High Priest of Trog.
             Slain by a catoblepas (7 damage)
             ... on level 3 of the Lair of Beasts on Nov 9, 2015.
             The game lasted 00:48:50 (19522 turns).

truemonolith the Fighter (Halfling Berserker)      Turns: 19522, Time: 00:48:50

Health: 0/99       AC: 24    Str: 19      XL:     13   Next: 5%
Magic:  0/4        EV:  3    Int:  6      God:    Trog [*****.]
Gold:   1056       SH:  0    Dex: 14 (17) Spells: 0 memorised, 12 levels left

rFire  . . .     SeeInvis .     T - +3 rapier (antimagic)
rCold  . . .     Clarity  .     x - +1 plate armour {MR+}
rNeg   + + +     SustAt   .     g - +0 buckler
rPois  ∞         Gourm    .     e - +0 helmet
rElec  .         Spirit   +     c - +2 cloak {MR+}
rCorr  .         Warding  .     L - +2 pair of gloves
rMut   .         Stasis   .     (no boots)
MR     +++..                    y - amulet of guardian spirit
Stlth  ..........               D - ring of protection from magic
                                q - ring of poison resistance

@: petrified, fainting, extremely resistant to hostile enchantments, extremely
unstealthy
A: mutation resistance 1
a: Berserk, Trog's Hand, Brothers in Arms, Burn Spellbooks, Renounce Religion


You were on level 3 of the Lair of Beasts.
You worshipped Trog.
Trog was extremely pleased with you.
You were fainting.

You visited 2 branches of the dungeon, and saw 13 of its levels.
You also visited: Sewer, Ossuary and Bailey.

You collected 1056 gold pieces.

Inventory:

Hand Weapons
 a - a +0 short sword
 f - a +2 short sword of venom
 F - a +4 greatsling of flaming
 R - a +1 scimitar of protection
 T - a +3 antimagic rapier (weapon)
Armour
 c - a +2 cloak of magic resistance (worn)
 e - a +0 helmet (worn)
 g - a +0 buckler (worn)
 x - a +1 plate armour of magic resistance (worn)
 A - a +0 helmet
 L - a +2 pair of gloves (worn)
Jewellery
 q - a ring of poison resistance (left hand)
 y - an amulet of guardian spirit (around neck)
 D - a ring of protection from magic (right hand)
 N - an uncursed ring of fire
 Q - an uncursed ring of ice {unknown}
Wands
 l - a wand of flame (13)
 m - a wand of draining (5)
 o - a wand of draining (5)
 v - a wand of digging (7)
 G - a wand of confusion (30)
Scrolls
 i - 9 scrolls of identify
 k - 4 scrolls of remove curse
 B - 2 scrolls of recharging
 C - a scroll of fear {unknown}
 H - a scroll of summoning {unknown}
 K - a scroll of immolation {unknown}
 S - a scroll of enchant weapon
Potions
 d - 3 potions of haste
 h - a potion of resistance
 j - 5 potions of curing
 t - 2 potions of magic
 u - 3 potions of flight
Books
 O - a book of Battle

   Spells                             Type                      Level
   a - Infusion                       Charms                       1
   b - Shroud of Golubria             Charms/Translocation         2
   c - Song of Slaying                Charms                       2
   d - Spectral Weapon                Hexes/Charms                 3
   e - Regeneration                   Charms/Necromancy            3
   Trog disapproves of the use of such an item.
 P - a book of the Sky

   Spells                             Type                      Level
   a - Summon Lightning Spire         Summoning/Air                4
   b - Airstrike                      Air                          4
   c - Silence                        Hexes/Air                    5
   d - Deflect Missiles               Charms/Air                   6
   e - Conjure Ball Lightning         Conjuration/Air              6
   f - Tornado                        Air                          9
   Trog disapproves of the use of such an item.


   Skills:
 - Level 13.6 Fighting
 + Level 10.9 Short Blades
 - Level 11.1 Armour
 - Level 5.1 Dodging
 - Level 5.2 Shields


You had 12 spell levels left.
You didn't know any spells.

Dungeon Overview and Level Annotations

Branches:
Dungeon (9/15)             Temple (0/1) D:5            Lair (4/8) D:9
  Swamp: Lair:3-6    Shoals: Lair:3-6     Snake: Lair:3-6    Spider: Lair:3-6
    Orc: D:9-12

Altars:
Elyvilon
Fedhas
Kikubaaqudgha
Makhleb
Okawaru
Sif Muna
Trog
Vehumet
Xom

Shops:
D:4 *


Innate Abilities, Weirdness & Mutations

You are small and have problems with some larger weapons.
You are somewhat resistant to further mutation.


Message History

The catoblepas is severely wounded.
You are engulfed in calcifying dust.
The catoblepas gores you but does no damage.
Your limbs are stiffening.
Unknown command.
You are engulfed in calcifying dust.
The catoblepas gores you!!
* * * LOW HITPOINT WARNING * * *
You have turned to stone.
You are engulfed in calcifying dust.
The catoblepas gores you.
* * * LOW HITPOINT WARNING * * *
You are engulfed in calcifying dust.
The catoblepas gores you!!
* * * LOW HITPOINT WARNING * * *
The catoblepas completely misses you.
The catoblepas gores you but does no damage.
The catoblepas gores you but does no damage.
The catoblepas gores you!!
* * * LOW HITPOINT WARNING * * *
The catoblepas gores you but does no damage. x2
The catoblepas gores you!
You die...

#÷># #.......## #.## #.. ##.###
#........####..# ##. ...#P##
#.............########..
#.....####..........#..#.##.##.#.
##.................##............
#.##.##P..#####.####..?######.#.
#..####...# #..###..## ###. #..#
##.## #.Y.#.#.# #. ##.## ##.#
###@......## #. #P..# ##..##
#.....###..# #. ##..#
#.#..####..#####.## ####. ....#
##....# ##.# #...#####.#..
....####..#.####.#####.........[.
..................##...######..#.
.....##.#.###.##........# ###..
....####..#.####...#P..### #..
...## #...## #..#####..P# ##.


You could see a catoblepas.

Vanquished Creatures
  2 hydras (Lair:1)
  An unseen horror (D:8)
  Pikel (D:6)
  3 black mambas
  5 elephants
  Maurice (D:8)
  Joseph (D:9)
  8 spiny frogs
  A komodo dragon (D:9)
  A polar bear (Lair:4)
  3 blink frogs (Lair:1)
  A spriggan (D:8)
  A hungry ghost (D:7)
  A basilisk (Lair:3)
  15 yaks
  10 water moccasins
  2 hippogriffs
  A wolf (Lair:4)
  8 porcupines
  5 ice beasts
  2 black bears (Lair:4)
  3 ogres
  6 orc warriors
  2 sky beasts (D:8)
  The ghost of Rayvis the Skirmisher, an amateur DsFi (D:3)
  9 crocodiles
  3 big kobolds
  2 centaurs
  7 giant frogs
  A scorpion (D:7)
  3 electric eels (Lair:1)
  2 crimson imps
  2 giant frog zombies (D:8)
  4 hounds
  2 jellies
  3 iguanas
  Crazy Yiuf (D:6)
  2 orc priests
  7 orc wizards
  3 giant frog skeletons
  A gnoll shaman (D:5)
  6 worker ants
  23 sheep
  A hound zombie (D:9)
  A hound skeleton (D:5)
  8 mummies (Ossuary)
  A worker ant zombie (D:8)
  13 adders
  5 gnolls (D:5)
  33 river rats
  2 shadow imps
  5 oozes
  3 adder skeletons
  2 worms
  5 giant geckos
  53 orcs
  5 ball pythons
  8 giant cockroaches
  13 goblins
  10 hobgoblins
  10 jackals
  15 kobolds
  A quokka (D:5)
  5 bats
  A giant gecko skeleton (D:4)
  A giant gecko zombie (D:5)
  10 giant newts
  4 hobgoblin zombies (Ossuary)
  A jackal skeleton (D:8)
  A kobold zombie (Ossuary)
  3 orc zombies (Ossuary)
  7 rats
  2 plants (D:9)
395 creatures vanquished.

Vanquished Creatures (others)
  An iguana (D:6)
  8 fungi (Lair:4)
  26 plants
35 creatures vanquished.

Grand Total: 430 creatures vanquished

Notes
Turn   | Place    | Note
--------------------------------------------------------------
     0 | D:1      | truemonolith the Halfling Berserker began the quest for the Orb.
     0 | D:1      | Reached XP level 1. HP: 15/15 MP: 1/1
    26 | D:1      | Upgraded the game from 0.17-b1-15-g0f5fb43 to 0.17-b1-25-g6d8775f
   323 | D:1      | Reached XP level 2. HP: 20/20 MP: 2/2
   333 | D:1      | Reached skill level 5 in Short Blades
   702 | D:1      | Reached XP level 3. HP: 23/25 MP: 3/3
   823 | D:1      | Reached ** piety under Trog
  1421 | D:2      | Reached skill level 6 in Short Blades
  1691 | D:2      | Reached XP level 4. HP: 30/30 MP: 4/4
  2666 | D:3      | Noticed Rayvis's ghost (amateur DsFi)
  2675 | D:3      | Killed Rayvis's ghost
  2675 | D:3      | Reached skill level 8 in Short Blades
  2675 | D:3      | Reached XP level 5. HP: 31/35 MP: 5/5
  2820 | D:3      | Reached XP level 6. HP: 39/41 MP: 6/6
  2911 | D:3      | Found a shimmering altar of Xom.
  3409 | D:3      | Noticed an orc warrior
  3410 | D:3      | Reached *** piety under Trog
  3422 | D:3      | Killed an orc warrior
  3939 | D:4      | Reached skill level 5 in Armour
  3939 | D:4      | Reached XP level 7. HP: 23/45 MP: 7/7
  4331 | D:4      | Found Kumuysch's Assorted Antiques.
  4642 | D:5      | Entered Level 5 of the Dungeon
  4655 | D:5      | Found a glowing drain.
  4770 | Sewer    | Entered a sewer
  5426 | Sewer    | Reached **** piety under Trog
  5569 | D:5      | Reached XP level 8. HP: 21/51 MP: 8/8
  5814 | D:5      | Found a blossoming altar of Fedhas.
  6084 | D:5      | Reached skill level 9 in Armour
  6115 | D:5      | Found a staircase to the Ecumenical Temple.
  6659 | D:6      | Noticed Pikel
  6716 | D:6      | Killed Pikel
  6716 | D:6      | Reached skill level 11 in Armour
  6716 | D:6      | Reached XP level 9. HP: 55/55 MP: 9/9
  6775 | D:6      | Reached skill level 1 in Shields
  6921 | D:6      | Found a sand-covered staircase.
  6992 | Ossuary  | Entered an ossuary
  7385 | D:6      | Found a bloodstained altar of Trog.
  7513 | D:6      | Noticed Crazy Yiuf
  7519 | D:6      | Killed Crazy Yiuf
  7943 | D:7      | Reached skill level 5 in Shields
  8286 | D:7      | Found a deep blue altar of Sif Muna.
  8288 | D:7      | Found an ancient bone altar of Kikubaaqudgha.
  8288 | D:7      | Found a radiant altar of Vehumet.
  8545 | D:8      | Reached XP level 10. HP: 54/61 MP: 10/10
  8602 | D:8      | Reached skill level 5 in Dodging
  8618 | D:8      | Found a flagged portal.
  8649 | Bailey   | Entered a bailey
  8677 | Bailey   | Reached ***** piety under Trog
  9218 | Bailey   | Noticed an orc knight
  9218 | Bailey   | Noticed an orc knight
  9219 | Bailey   | Noticed an orc knight
  9219 | Bailey   | Noticed an orc knight
 10025 | D:8      | Noticed Maurice
 10038 | D:8      | Killed Maurice
 10038 | D:8      | Reached skill level 5 in Fighting
 10377 | D:8      | Killed an unseen horror
 11176 | D:9      | Received a gift from Trog
 11253 | D:9      | Reached XP level 11. HP: 67/78 MP: 9/11
 11256 | D:9      | Found a white marble altar of Elyvilon.
 11377 | D:9      | Noticed Joseph
 11394 | D:9      | Killed Joseph
 11607 | D:9      | Found an iron altar of Okawaru.
 11607 | D:9      | Found a burning altar of Makhleb.
 11816 | D:9      | Found a staircase to the Lair.
 12086 | Lair:1   | Entered Level 1 of the Lair of Beasts
 12100 | Lair:1   | Noticed a seven-headed hydra
 12110 | Lair:1   | Killed a seven-headed hydra
 12110 | Lair:1   | Reached skill level 10 in Fighting
 13174 | Lair:1   | Noticed an eight-headed hydra
 13225 | Lair:1   | Killed an eight-headed hydra
 13471 | Lair:1   | Upgraded the game from 0.17-b1-25-g6d8775f to 0.17.0-1-g61d176b
 14983 | Lair:1   | Reached XP level 12. HP: 87/90 MP: 12/12
 15131 | Lair:1   | Received a gift from Trog
 15170 | Lair:2   | Reached skill level 12 in Fighting
 17281 | Lair:3   | Reached skill level 13 in Fighting
 18046 | Lair:4   | Upgraded the game from 0.17.0-1-g61d176b to 0.17.0-9-g801d43b
 18545 | Lair:4   | Noticed a catoblepas
 18583 | Lair:4   | Received a gift from Trog
 19144 | Lair:4   | Reached skill level 10 in Short Blades
 19203 | Lair:4   | Reached XP level 13. HP: 55/99 MP: 3/13
 19522 | Lair:3   | Slain by a catoblepas

Action                   |  1- 3 |  4- 6 |  7- 9 | 10-12 | 13-15 || total
-------------------------+-------+-------+-------+-------+-------++-------
Melee: Short sword       |   131 |   219 |   524 |  1276 |       ||  2150
       Rapier            |       |       |       |   143 |    36 ||   179
Invok: Berserk           |     2 |     2 |     5 |    13 |       ||    22
       Burn Spellbooks   |       |       |     1 |     1 |       ||     2
Evoke: Deck              |       |       |       |    10 |       ||    10
  Use: Scroll            |       |     6 |     9 |     6 |       ||    21
       Potion            |       |     1 |     3 |     5 |    10 ||    19
  Eat: Chunk             |     4 |     2 |       |    10 |       ||    16
       Bread ration      |       |     2 |     2 |     6 |       ||    10
       Meat ration       |       |       |     3 |     1 |       ||     4
       Beef jerky        |       |       |     2 |     2 |       ||     4
       Royal jelly       |       |       |       |     1 |       ||     1
